Workbook
Name MES: [6]AUX.!$A$2:$A$13

Sheet Anexo I
D2: ANEXO I
D3: DETALHAMENTO DA RECEITA ORÇAMENTÁRIA
D4: CONSOLIDAÇÃO DO ORÇAMENTO-PROGRAMA 2026
D5: Serviço Social do Comércio – Sesc
D7: Órgão: Ministério do Desenvolvimento e Assistência Social, Família e Combate à Fome
D8: Unidade: Serviço Social do Comércio (Sesc) – Orçamento-Programa 2026
F9: 1 | G9: 1 | H9: 1
B10: 01/2026 | D10: Código | E10: Especificação | F10: Orçado Inicial | G10: Ajuste Orçamentário | H10: Valor Final
B11: 07/2026 | D11: 1.0.00.00 | E11: RECEITAS CORRENTES | F11: =F12+F15+F24+F32 -> 14555844534 | G11: =G12+G15+G24+G32 -> 0 | H11: =H12+H15+H24+H32 -> 14555844534
D12: 1.2.00.00 | E12: Contribuições | F12: =F13 -> 10546835000 | G12: =G13 -> 0 | H12: =H13 -> 10546835000
D13: 1.2.31.00 | E13: Contribuições para o Sesc | F13: =F14 -> 10546835000 | G13: =G14 -> 0 | H13: =H14 -> 10546835000
B14: 123101 | D14: 1.2.31.01 | E14: Contribuições para o Sesc | F14: =SUMIFS('[1]BASE 28093_OP '!G:G,'[1]BASE 28093_OP '!B:B,'Anexo I'!$B$10,'[1]BASE 28093_OP '!C:C,'Anexo I'!B14)-'[1]Quadros Despesa e Receita'!E4 -> 10546835000 | G14: =SUMIFS('[1]BASE 28093_OP '!G:G,'[1]BASE 28093_OP '!B:B,'Anexo I'!$B$11,'[1]BASE 28093_OP '!C:C,'Anexo I'!B14)-'[1]Quadros Despesa e Receita'!F4 -> 0 | H14: =F14+G14 -> 10546835000
D15: 1.3.00.00 | E15: Receita Patrimonial | F15: =F16+F20+F22 -> 2077654742 | G15: =G16+G20+G22 -> 0 | H15: =H16+H20+H22 -> 2077654742
D16: 1.3.10.00 | E16: Receitas Imobiliárias | F16: =F17+F18+F19 -> 20821606 | G16: =G17+G18+G19 -> 0 | H16: =H17+H18+H19 -> 20821606
B17: 131001 | D17: 1.3.10.01 | E17: Aluguéis | F17: =SUMIFS('[1]BASE 28093_OP '!G:G,'[1]BASE 28093_OP '!B:B,'Anexo I'!$B$10,'[1]BASE 28093_OP '!C:C,'Anexo I'!B17) -> 6046161 | G17: =SUMIFS('[1]BASE 28093_OP '!G:G,'[1]BASE 28093_OP '!B:B,'Anexo I'!$B$11,'[1]BASE 28093_OP '!C:C,'Anexo I'!B17) -> 0 | H17: =F17+G17 -> 6046161
B18: 131002 | D18: 1.3.10.02 | E18: Arrendamentos | F18: =SUMIFS('[1]BASE 28093_OP '!G:G,'[1]BASE 28093_OP '!B:B,'Anexo I'!$B$10,'[1]BASE 28093_OP '!C:C,'Anexo I'!B18) -> 1077636 | G18: =SUMIFS('[1]BASE 28093_OP '!G:G,'[1]BASE 28093_OP '!B:B,'Anexo I'!$B$11,'[1]BASE 28093_OP '!C:C,'Anexo I'!B18) -> 0 | H18: =F18+G18 -> 1077636
B19: 131003 | D19: 1.3.10.03 | E19: Taxa de Ocupação de Imóveis | F19: =SUMIFS('[1]BASE 28093_OP '!G:G,'[1]BASE 28093_OP '!B:B,'Anexo I'!$B$10,'[1]BASE 28093_OP '!C:C,'Anexo I'!B19) -> 13697809 | G19: =SUMIFS('[1]BASE 28093_OP '!G:G,'[1]BASE 28093_OP '!B:B,'Anexo I'!$B$11,'[1]BASE 28093_OP '!C:C,'Anexo I'!B19) -> 0 | H19: =F19+G19 -> 13697809
D20: 1.3.20.00 | E20: Receitas de Valores Mobiliários | F20: =F21 -> 2056432437 | G20: =G21 -> 0 | H20: =H21 -> 2056432437
B21: 132001 | D21: 1.3.20.01 | E21: Remuneração de Depósitos Bancários e Aplicações Financeiras | F21: =SUMIFS('[1]BASE 28093_OP '!G:G,'[1]BASE 28093_OP '!B:B,'Anexo I'!$B$10,'[1]BASE 28093_OP '!C:C,'Anexo I'!B21) -> 2056432437 | G21: =SUMIFS('[1]BASE 28093_OP '!G:G,'[1]BASE 28093_OP '!B:B,'Anexo I'!$B$11,'[1]BASE 28093_OP '!C:C,'Anexo I'!B21) -> 0 | H21: =F21+G21 -> 2056432437
D22: 1.3.90.00 | E22: Demais Receitas Patrimoniais | F22: =F23 -> 400699 | G22: =G23 -> 0 | H22: =H23 -> 400699
B23: 139099 | D23: 1.3.90.99 | E23: Outras Receitas Patrimoniais | F23: =SUMIFS('[1]BASE 28093_OP '!G:G,'[1]BASE 28093_OP '!B:B,'Anexo I'!$B$10,'[1]BASE 28093_OP '!C:C,'Anexo I'!B23) -> 400699 | G23: =SUMIFS('[1]BASE 28093_OP '!G:G,'[1]BASE 28093_OP '!B:B,'Anexo I'!$B$11,'[1]BASE 28093_OP '!C:C,'Anexo I'!B23) -> 0 | H23: =F23+G23 -> 400699
D24: 1.6.00.00 | E24: Receitas de Serviços | F24: =F25 -> 1916361314 | G24: =G25 -> 0 | H24: =H25 -> 1916361314
D25: 1.6.01.00 | E25: Serviços Prestados pelo Sesc | F25: =SUM(F26:F31) -> 1916361314 | G25: =SUM(G26:G31) -> 0 | H25: =SUM(H26:H31) -> 1916361314
B26: 160101 | D26: 1.6.01.01 | E26: Serviços Educacionais | F26: =SUMIFS('[1]BASE 28093_OP '!G:G,'[1]BASE 28093_OP '!B:B,'Anexo I'!$B$10,'[1]BASE 28093_OP '!C:C,'Anexo I'!B26) -> 285726032 | G26: =SUMIFS('[1]BASE 28093_OP '!G:G,'[1]BASE 28093_OP '!B:B,'Anexo I'!$B$11,'[1]BASE 28093_OP '!C:C,'Anexo I'!B26) -> 0 | H26: =F26+G26 -> 285726032
B27: 160102 | D27: 1.6.01.02 | E27: Serviços de Saúde | F27: =SUMIFS('[1]BASE 28093_OP '!G:G,'[1]BASE 28093_OP '!B:B,'Anexo I'!$B$10,'[1]BASE 28093_OP '!C:C,'Anexo I'!B27) -> 739409106 | G27: =SUMIFS('[1]BASE 28093_OP '!G:G,'[1]BASE 28093_OP '!B:B,'Anexo I'!$B$11,'[1]BASE 28093_OP '!C:C,'Anexo I'!B27) -> 0 | H27: =F27+G27 -> 739409106
B28: 160103 | D28: 1.6.01.03 | E28: Serviços Culturais | F28: =SUMIFS('[1]BASE 28093_OP '!G:G,'[1]BASE 28093_OP '!B:B,'Anexo I'!$B$10,'[1]BASE 28093_OP '!C:C,'Anexo I'!B28) -> 63544102 | G28: =SUMIFS('[1]BASE 28093_OP '!G:G,'[1]BASE 28093_OP '!B:B,'Anexo I'!$B$11,'[1]BASE 28093_OP '!C:C,'Anexo I'!B28) -> 0 | H28: =F28+G28 -> 63544102
B29: 160104 | D29: 1.6.01.04 | E29: Serviços de Lazer | F29: =SUMIFS('[1]BASE 28093_OP '!G:G,'[1]BASE 28093_OP '!B:B,'Anexo I'!$B$10,'[1]BASE 28093_OP '!C:C,'Anexo I'!B29) -> 783972463 | G29: =SUMIFS('[1]BASE 28093_OP '!G:G,'[1]BASE 28093_OP '!B:B,'Anexo I'!$B$11,'[1]BASE 28093_OP '!C:C,'Anexo I'!B29) -> 0 | H29: =F29+G29 -> 783972463
B30: 160105 | D30: 1.6.01.05 | E30: Serviços de Assistência | F30: =SUMIFS('[1]BASE 28093_OP '!G:G,'[1]BASE 28093_OP '!B:B,'Anexo I'!$B$10,'[1]BASE 28093_OP '!C:C,'Anexo I'!B30) -> 7658751 | G30: =SUMIFS('[1]BASE 28093_OP '!G:G,'[1]BASE 28093_OP '!B:B,'Anexo I'!$B$11,'[1]BASE 28093_OP '!C:C,'Anexo I'!B30) -> 0 | H30: =F30+G30 -> 7658751
B31: 160199 | D31: 1.6.01.99 | E31: Outros Serviços | F31: =SUMIFS('[1]BASE 28093_OP '!G:G,'[1]BASE 28093_OP '!B:B,'Anexo I'!$B$10,'[1]BASE 28093_OP '!C:C,'Anexo I'!B31) -> 36050860 | G31: =SUMIFS('[1]BASE 28093_OP '!G:G,'[1]BASE 28093_OP '!B:B,'Anexo I'!$B$11,'[1]BASE 28093_OP '!C:C,'Anexo I'!B31) -> 0 | H31: =F31+G31 -> 36050860
D32: 1.9.00.00 | E32: Outras Receitas Correntes | F32: =F33+F35+F38 -> 14993478 | G32: =G33+G35+G38 -> 0 | H32: =H33+H35+H38 -> 14993478
D33: 1.9.10.00 | E33: Multas Administrativas, Contratuais e Judiciais | F33: =F34 -> 4303160 | G33: =G34 -> 0 | H33: =H34 -> 4303160
B34: 191001 | D34: 1.9.10.01 | E34: Multas Administrativas, Contratuais e Judiciais | F34: =SUMIFS('[1]BASE 28093_OP '!G:G,'[1]BASE 28093_OP '!B:B,'Anexo I'!$B$10,'[1]BASE 28093_OP '!C:C,'Anexo I'!B34) -> 4303160 | G34: =SUMIFS('[1]BASE 28093_OP '!G:G,'[1]BASE 28093_OP '!B:B,'Anexo I'!$B$11,'[1]BASE 28093_OP '!C:C,'Anexo I'!B34) -> 0 | H34: =F34+G34 -> 4303160
D35: 1.9.20.00 | E35: Indenizações e Restituições | F35: =F36+F37 -> 2842661 | G35: =G36+G37 -> 0 | H35: =H36+H37 -> 2842661
B36: 192001 | D36: 1.9.20.01 | E36: Indenizações | F36: =SUMIFS('[1]BASE 28093_OP '!G:G,'[1]BASE 28093_OP '!B:B,'Anexo I'!$B$10,'[1]BASE 28093_OP '!C:C,'Anexo I'!B36) -> 382000 | G36: =SUMIFS('[1]BASE 28093_OP '!G:G,'[1]BASE 28093_OP '!B:B,'Anexo I'!$B$11,'[1]BASE 28093_OP '!C:C,'Anexo I'!B36) -> 0 | H36: =F36+G36 -> 382000
B37: 192002 | D37: 1.9.20.02 | E37: Restituições | F37: =SUMIFS('[1]BASE 28093_OP '!G:G,'[1]BASE 28093_OP '!B:B,'Anexo I'!$B$10,'[1]BASE 28093_OP '!C:C,'Anexo I'!B37) -> 2460661 | G37: =SUMIFS('[1]BASE 28093_OP '!G:G,'[1]BASE 28093_OP '!B:B,'Anexo I'!$B$11,'[1]BASE 28093_OP '!C:C,'Anexo I'!B37) -> 0 | H37: =F37+G37 -> 2460661
D38: 1.9.90.00 | E38: Demais Receitas Correntes | F38: =F39 -> 7847657 | G38: =G39 -> 0 | H38: =H39 -> 7847657
B39: 199099 | D39: 1.9.90.99 | E39: Outras Receitas Correntes | F39: =SUMIFS('[1]BASE 28093_OP '!G:G,'[1]BASE 28093_OP '!B:B,'Anexo I'!$B$10,'[1]BASE 28093_OP '!C:C,'Anexo I'!B39) -> 7847657 | G39: =SUMIFS('[1]BASE 28093_OP '!G:G,'[1]BASE 28093_OP '!B:B,'Anexo I'!$B$11,'[1]BASE 28093_OP '!C:C,'Anexo I'!B39) -> 0 | H39: =F39+G39 -> 7847657
D40: 2.0.00.00 | E40: RECEITAS DE CAPITAL | F40: =F41+F48+F51+F54 -> 36252780 | G40: =G41+G48+G51+G54 -> 0 | H40: =H41+H48+H51+H54 -> 36252780
D41: 2.2.00.00 | E41: Alienação de Bens | F41: =F42+F46 -> 36238780 | G41: =G42+G46 -> 0 | H41: =H42+H46 -> 36238780
D42: 2.2.10.00 | E42: Alienação de Bens Móveis | F42: =F43+F44+F45 -> 5363780 | G42: =G43+G44+G45 -> 0 | H42: =H43+H44+H45 -> 5363780
B43: 221001 | D43: 2.2.10.01 | E43: Alienação de Títulos Mobiliários | F43: =SUMIFS('[1]BASE 28093_OP '!G:G,'[1]BASE 28093_OP '!B:B,'Anexo I'!$B$10,'[1]BASE 28093_OP '!C:C,'Anexo I'!B43) -> 0 | H43: =F43+G43 -> 0
B44: 221002 | D44: 2.2.10.02 | E44: Alienação de Bens Móveis e Semoventes | F44: =SUMIFS('[1]BASE 28093_OP '!G:G,'[1]BASE 28093_OP '!B:B,'Anexo I'!$B$10,'[1]BASE 28093_OP '!C:C,'Anexo I'!B44) -> 4712677 | G44: =SUMIFS('[1]BASE 28093_OP '!G:G,'[1]BASE 28093_OP '!B:B,'Anexo I'!$B$11,'[1]BASE 28093_OP '!C:C,'Anexo I'!B44) -> 0 | H44: =F44+G44 -> 4712677
B45: 221099 | D45: 2.2.10.99 | E45: Alienação de Outros Bens Móveis | F45: =SUMIFS('[1]BASE 28093_OP '!G:G,'[1]BASE 28093_OP '!B:B,'Anexo I'!$B$10,'[1]BASE 28093_OP '!C:C,'Anexo I'!B45) -> 651103 | G45: =SUMIFS('[1]BASE 28093_OP '!G:G,'[1]BASE 28093_OP '!B:B,'Anexo I'!$B$11,'[1]BASE 28093_OP '!C:C,'Anexo I'!B45) -> 0 | H45: =F45+G45 -> 651103
D46: 2.2.20.00 | E46: Alienação de Bens Imóveis | F46: =F47 -> 30875000 | G46: =G47 -> 0 | H46: =H47 -> 30875000
B47: 222001 | D47: 2.2.20.01 | E47: Alienação de Bens Imóveis | F47: =SUMIFS('[1]BASE 28093_OP '!G:G,'[1]BASE 28093_OP '!B:B,'Anexo I'!$B$10,'[1]BASE 28093_OP '!C:C,'Anexo I'!B47) -> 30875000 | G47: =SUMIFS('[1]BASE 28093_OP '!G:G,'[1]BASE 28093_OP '!B:B,'Anexo I'!$B$11,'[1]BASE 28093_OP '!C:C,'Anexo I'!B47) -> 0 | H47: =F47+G47 -> 30875000
D48: 2.3.00.00 | E48: Amortização de Empréstimos | F48: =F49 -> 0 | G48: =G49 -> 0 | H48: =H49 -> 0
D49: 2.3.10.00 | E49: Amortização de Empréstimos | F49: =F50 -> 0 | G49: =G50 -> 0 | H49: =H50 -> 0
B50: 231001 | D50: 2.3.10.01 | E50: Amortização de Empréstimos Diversos | F50: =SUMIFS('[1]BASE 28093_OP '!G:G,'[1]BASE 28093_OP '!B:B,'Anexo I'!$B$10,'[1]BASE 28093_OP '!C:C,'Anexo I'!B50) -> 0 | H50: =F50+G50 -> 0
D51: 2.4.00.00 | E51: Transferências de Capital | F51: =F52 -> 0 | G51: =G52 -> 0 | H51: =H52 -> 0
D52: 2.4.10.00 | E52: Transferências da União | F52: =F53 -> 0 | G52: =G53 -> 0 | H52: =H53 -> 0
B53: 241001 | D53: 2.4.10.01 | E53: Transferências da União | F53: =SUMIFS('[1]BASE 28093_OP '!G:G,'[1]BASE 28093_OP '!B:B,'Anexo I'!$B$10,'[1]BASE 28093_OP '!C:C,'Anexo I'!B53) -> 0 | H53: =F53+G53 -> 0
D54: 2.9.00.00 | E54: Outras Receitas de Capital | F54: =F55 -> 14000 | G54: =G55 -> 0 | H54: =H55 -> 14000
D55: 2.9.90.00 | E55: Demais Receitas de Capital | F55: =F56 -> 14000 | G55: =G56 -> 0 | H55: =H56 -> 14000
B56: 299099 | D56: 2.9.90.99 | E56: Outras Receitas de Capital | F56: =SUMIFS('[1]BASE 28093_OP '!G:G,'[1]BASE 28093_OP '!B:B,'Anexo I'!$B$10,'[1]BASE 28093_OP '!C:C,'Anexo I'!B56) -> 14000 | G56: =SUMIFS('[1]BASE 28093_OP '!G:G,'[1]BASE 28093_OP '!B:B,'Anexo I'!$B$11,'[1]BASE 28093_OP '!C:C,'Anexo I'!B56) -> 0 | H56: =F56+G56 -> 14000
D57: RECEITAS TOTAIS | F57: =F40+F11 -> 14592097314 | G57: =G40+G11 -> 0 | H57: =H40+H11 -> 14592097314
D58: 9.0.00.00 | E58: RECURSOS ARRECADADOS DE EXERCÍCIOS ANTERIORES | F58: =F59 -> 1250112150 | G58: =G59 -> 0 | H58: =H59 -> 1250112150
D59: 9.9.00.00 | E59: Recursos Arrecadados de Exercícios Anteriores | F59: =F60 -> 1250112150 | G59: =G60 -> 0 | H59: =H60 -> 1250112150
D60: 9.9.90.00 | E60: Recursos Arrecadados de Exercícios Anteriores | F60: =F61 -> 1250112150 | G60: =G61 -> 0 | H60: =H61 -> 1250112150
B61: 999001 | D61: 9.9.90.01 | E61: Recursos Arrecadados de Exercícios Anteriores | F61: =SUMIFS('[1]BASE 28093_OP '!G:G,'[1]BASE 28093_OP '!B:B,'Anexo I'!$B$10,'[1]BASE 28093_OP '!C:C,'Anexo I'!B61) -> 1250112150 | G61: =SUMIFS('[1]BASE 28093_OP '!G:G,'[1]BASE 28093_OP '!B:B,'Anexo I'!$B$11,'[1]BASE 28093_OP '!C:C,'Anexo I'!B61) -> 0 | H61: =F61+G61 -> 1250112150
D62: TOTAL | F62: =F57+F58 -> 15842209464 | G62: =G57+G58 -> 0 | H62: =H57+H58 -> 15842209464
